 Dungeon Crawl Stone Soup version 0.23-a0-171-g5ae17c6e89 (webtiles) character file.

35 Holzbalken the Chopper (level 3, 15/27 HPs)
             Began as a Demonspawn Gladiator on Sept 13, 2018.
             Quit the game on level 2 of the Dungeon.
             The game lasted 00:06:11 (823 turns).

Holzbalken the Chopper (Demonspawn Gladiator)        Turns: 823, Time: 00:06:12

Health: 15/27      AC:  4    Str: 14    XL:     3   Next: 16%
Magic:  3/3        EV: 13    Int:  9    God:
Gold:   45         SH:  0    Dex: 15    Spells: 2/2 levels left

rFire    . . .     SeeInvis .   j - +0 dagger
rCold    . . .     Gourm    .   (no shield)
rNeg     . . .     Faith    .   b - +0 leather armour
rPois    .         Spirit   .   c - +0 helmet
rElec    .         Reflect  .   (no cloak)
rCorr    .         Harm     .   (no gloves)
MR       .....                  (no boots)
Stlth    ++........             (no amulet)
HPRegen  0.09/turn              (no ring)
MPRegen  0.08/turn              (no ring)

@: no status effects
A: hooves 1, nightstalker 1
a: no special abilities


You were on level 2 of the Dungeon.
You were not hungry.

You visited 1 branch of the dungeon, and saw 2 of its levels.

You collected 45 gold pieces.

Inventory:

Hand Weapons
 a - a +0 war axe
 j - a +0 dagger (weapon)
Missiles
 d - 3 throwing nets (quivered)
Armour
 b - a +0 leather armour (worn)
 c - a +0 helmet (worn)
 i - a +0 scale mail
Scrolls
 h - a scroll of fear {unknown}
 k - a scroll of amnesia {unknown}
 n - a scroll of identify {unknown}
 o - a scroll of blinking {unknown}
Potions
 l - a potion of heal wounds {unknown}
 m - a potion of degeneration {unknown}
Comestibles
 f - 3 rations
 g - 8 chunks of flesh


   Skills:
 - Level 2.0 Fighting
 * Level 1.1 Short Blades
 - Level 3.3 Axes
 - Level 1.7 Throwing
 + Level 2.8 Dodging
 + Level 0.7 Stealth


You had 2 spell levels left.
You didn't know any spells.
Your spell library was empty.

Dungeon Overview and Level Annotations

Branches:
Dungeon (2/15)

Altars:


Innate Abilities, Weirdness & Mutations

You have large cloven feet.
You are slightly more attuned to the shadows.


Message History

You hit the worm.
The worm is moderately wounded.
The worm closely misses you.
You hit the worm.
The worm is heavily wounded.
You hit the worm.
The worm is severely wounded.
The worm misses you.
You hit the worm.
The worm is severely wounded.
You hit the worm. You kick the worm, but do no damage.
The worm is almost dead.
The worm bites you but does no damage.
You hit the worm.
You kill the worm!
You see here a worm corpse.
You see here a worm corpse.
You butcher the worm corpse.
g - 8 chunks of flesh (gained 3) Are you sure you want to abandon this character and quit the game? (Confirm

###################
#.@................
#.###############.. #.#
### ##... #.......S..
... #....
.......#########.####...
######.. .......#... #..
.......#.#. #..#
###.#..#.#. ...# #
#..#.#.


There were no monsters in sight!

Vanquished Creatures
  An adder (D:2)
  A worm (D:2)
  A dart slug (D:1)
  4 bats
  2 giant cockroaches
  4 goblins
  2 hobgoblins (D:1)
  2 kobolds (D:1)
  4 rats
21 creatures vanquished.

Notes
Turn   | Place    | Note
-------+----------+-------------------------------------------
     0 | D:1      | Holzbalken the Demonspawn Gladiator began the quest for the
                  | Orb.
     0 | D:1      | Reached XP level 1. HP: 16/16 MP: 1/1
   119 | D:1      | Reached skill level 3 in Axes
   141 | D:1      | Gained mutation: You are slightly more attuned to the
                  | shadows. [demonic ancestry]
   141 | D:1      | Reached XP level 2. HP: 22/22 MP: 2/2
   805 | D:2      | Reached skill level 1 in Short Blades
   805 | D:2      | Gained mutation: You have large cloven feet. [demonic
                  | ancestry]
   805 | D:2      | Reached XP level 3. HP: 14/27 MP: 3/3
   823 | D:2      | Quit the game

Vault maps used:
D:1:      lemuel_arrival_river_passageway
D:2:      overflow_temple_1_default, uniq_crazy_yiuf_cottage

Skill      XL: |  1  2 |
---------------+-------+-----
Axes           | 3 |  3.3
Short Blades   | 1 |  1.1
Fighting       | |  2.0
Throwing       | |  1.7
Dodging        | |  2.8
Stealth        | |  0.7

Action                   || total
-------------------------++-------
Melee: War axe           ||    16
       Dagger            ||    74
       Kick              ||     4
  Use: Potion            ||     2
 Stab: Sleeping          ||     2
Armor: Leather armour    ||    23
Dodge: Dodged            ||    48

Table legend:
 A = Non-vault XP
 B = Vault XP
 C = Vault XP percentage of total XP
 D = Non-vault monster count
 E = Vault monster count
 F = Vault count percentage of total count
                 A         B        C        D         E       F
            +---------+---------+-------+---------+---------+-------
      Total |      50 |       0 |   0.0 |      21 |       0 |   0.0
            +---------+---------+-------+---------+---------+-------
        D:1 |      24 |       0 |   0.0 |      13 |       0 |   0.0
        D:2 |      26 |       0 |   0.0 |       8 |       0 |   0.0
            +---------+---------+-------+---------+---------+-------
